 Dungeon Crawl Stone Soup version 0.22-a0-480-g991dd4b (webtiles) character file.

44828 Laiders72 the Warrior (level 14, -3/110 HPs)
             Began as a Formicid Fighter on June 15, 2018.
             Was the Champion of Hepliaklqana.
             Slain by a black mamba (7 damage)
             ... on level 5 of the Lair of Beasts.
             The game lasted 00:53:18 (16213 turns).

Laiders72 the Warrior (Formicid Fighter)           Turns: 16213, Time: 00:53:19

Health: -3/110     AC: 18    Str: 24    XL:     14   Next: 67%
Magic:  14/14      EV: 10    Int:  8    God:    Hepliaklqana [******]
Gold:   310        SH: 17    Dex:  9    Spells: 13/13 levels left

rFire    . . .     SeeInvis +   z - +4 dire flail (freeze)
rCold    + . .     Gourm    .   p - +3 shield
rNeg     . . .     Faith    .   K - +2 plate armour of Morality {rPois}
rPois    +         Spirit   .   (helmet unavailable)
rElec    .         Reflect  +   (no cloak)
rCorr    .         Harm     .   (no gloves)
MR       ++++.                  E - +0 pair of boots
Stlth    ..........             I - +3 amulet of reflection
HPRegen  0.28/turn              l - ring "Rumeirph" {rC+ MR+++ Str-4 Dex-4 Slay+5}
MPRegen  0.14/turn              x - +5 ring of strength

@: no status effects
A: permanent stasis, dig shafts and tunnels, four strong arms, reduced essence,
antennae 3
a: Dig, Shaft Self, Recall Ancestor, Ancestor Identity, Transference, Idealise,
Renounce Religion


You were on level 5 of the Lair of Beasts.
You worshipped Hepliaklqana.
Hepliaklqana was exalted by your worship.
You were very hungry.

You visited 2 branches of the dungeon, and saw 17 of its levels.
You also visited: Ossuary.

You collected 973 gold pieces.
You spent 663 gold pieces at shops.

Inventory:

Hand Weapons
 w - a +8 flail of holy wrath
 z - a +4 dire flail of freezing (weapon)
Missiles
 a - 3 throwing nets
 j - 9 tomahawks (quivered)
Armour
 p - a +3 shield (worn)
 E - a +0 pair of boots (worn)
 K - the +2 plate armour of Morality (worn) {rPois}
   (You bought it in a shop on level 10 of the Dungeon)

   It protects you from poison.
Jewellery
 l - the ring "Rumeirph" (left hand) {rC+ MR+++ Str-4 Dex-4 Slay+5}
   (You found it on level 4 of the Lair of Beasts)

   [ring of protection from cold]

   It affects your strength (-4).
   It affects your dexterity (-4).
   It affects your accuracy and damage with ranged weapons and melee attacks
   (+5).
   It protects you from cold.
   It affects your resistance to hostile enchantments.
 v - an uncursed ring of protection from cold
 x - a +5 ring of strength (right hand)
 C - a +3 ring of dexterity
 D - an uncursed ring of resist corrosion
 F - an uncursed ring of stealth
 I - a +3 amulet of reflection (around neck)
Wands
 b - a wand of flame (42)
 c - a wand of acid (22)
 d - a wand of enslavement (8)
 y - a wand of iceblast (16)
 B - a wand of scattershot (4)
 J - a wand of disintegration (24)
Scrolls
 g - 9 scrolls of identify
 h - 3 scrolls of enchant armour
 i - a scroll of fog {unknown}
 k - a scroll of noise {unknown}
 o - a scroll of fear
 s - 11 scrolls of remove curse
 u - a scroll of magic mapping {unknown}
 N - a scroll of vulnerability {unknown}
 P - a scroll of holy word {unknown}
Potions
 e - 3 potions of lignification
 m - a potion of flight
 q - a potion of cancellation
 r - 3 potions of curing
 t - a potion of mutation
 A - 4 potions of brilliance
 G - 4 potions of might
 H - a potion of invisibility
 O - a potion of ambrosia {unknown}
 Q - a potion of agility {unknown}
Comestibles
 f - 33 rations


   Skills:
 * Level 15.2 Fighting
 - Level 14.0 Maces & Flails
 + Level 11.4 Armour
 + Level 6.6 Dodging
 - Level 9.0 Shields


You had 13 spell levels left.
You didn't know any spells.
Your spell library contained the following spells:

 Spells                   Type           Power        Failure   Level  Hunger
 Magic Dart               Conj           #...         99%         1    ##.....
 Fireball                 Conj/Fire      #.........   100%        5    ######.
 Apportation              Tloc           #.....       99%         1    ##.....
 Conjure Flame            Conj/Fire      #.......     100%        3    ####...
 Bolt of Fire             Conj/Fire      #.........   100%        6    #######
 Slow                     Hex            #.......     100%        2    ###....
 Confuse                  Hex            #.......     100%        3    ####...
 Mephitic Cloud           Conj/Pois/Air  #.......     100%        3    ####...
 Ring of Flames           Chrm/Fire      #.........   100%        7    #######
 Summon Small Mammal      Summ           #...         99%         1    ##.....
 Blink                    Tloc           N/A          100%        2    ###....
 Animate Skeleton         Necr           N/A          99%         1    ##.....
 Call Imp                 Summ           #.......     100%        2    ###....
 Regeneration             Chrm/Necr      #.........   100%        3    ####...
 Spider Form              Tmut/Pois      #.........   100%        3    ####...
 Blade Hands              Tmut           #.........   100%        5    ######.
 Ice Form                 Ice/Tmut       #.......     100%        4    #####..
 Confusing Touch          Hex            #.....       99%         1    ##.....
 Ignite Poison            Fire/Tmut/Pois #.......     100%        3    ####...
 Sticks to Snakes         Tmut           #.......     100%        2    ###....
 Metabolic Englaciation   Hex/Ice        #.........   100%        5    ######.
 Petrify                  Tmut/Erth      #.......     100%        4    #####..
 Shroud of Golubria       Chrm/Tloc      #.........   100%        2    ###....
 Beastly Appendage        Tmut           #.....       99%         1    ##.....
 Infusion                 Chrm           #...         99%         1    ##.....
 Song of Slaying          Chrm           #.......     100%        2    ###....
 Spectral Weapon          Hex/Chrm       #.......     100%        3    ####...
 Gell's Gravitas          Tloc           #.........   100%        3    ####...
 Yara's Violent Unravell  Hex/Tmut       #.........   100%        5    ######.
 Ignition                 Fire           #.........   100%        8    #######


Dungeon Overview and Level Annotations

Branches:
Dungeon (12/15)            Temple (0/1) D:7            Lair (5/6) D:9
  Swamp (0/4) Lair:2        Snake (0/4) Lair:2          Orc (0/2) D:11
  Slime: Lair:5-6

Altars:
Elyvilon
Gozag
Hepliaklqana
Qazlal
Ru
Sif Muna
Uskayaw
Xom
The Shining One
Beogh

Shops:
D:4 [   D:6 *   D:10 [


Innate Abilities, Weirdness & Mutations

You cannot be hasted, slowed, berserked, paralysed or teleported.
You can dig through walls and to a lower floor.
Your four strong arms can wield two-handed weapons with a shield.
You have a pair of large antennae on your head. (SInv)
Your life essence is reduced to manifest your ancestor. (-10% HP)


Message History

The death yak is lightly wounded.
You bludgeon the death yak!! You freeze the death yak.
The death yak is heavily wounded.
The death yak gores you!
* * * LOW HITPOINT WARNING * * *
Okay, then.
As you read the scroll of fear, it crumbles to dust.
You assume a fearsome visage.
The death yak looks frightened!
A jelly comes into view.
The jelly quivers.
A jelly comes into view.
The black mamba closely misses you.
The black mamba bites you but does no damage.
You block the black mamba's attack.
A bullfrog comes into view.
Something hits the fungus.
The fungus is splashed with acid.
You block the black mamba's attack.
The bullfrog gives a loud, deep croak!
The black mamba bites you!
You die...

P..{..... #.P.......#####
....{JP.####P............
#..{PP....#......#......
#.. #.....##.....†...#..
##....##..###.....P.....#
#P....##..###....†.......
#P...#...#...............
#........S†..............
..........@..<.Y.........
........................P
.........................
.............F.....P#...P
#...#.....#+...Y...##...
......#####.###....#
..... .. ....# ..# ..
.....


You could see 2 death yaks, a black mamba and a bullfrog.

Vanquished Creatures
  Gastronok (Lair:3)
  An entropy weaver (Lair:4)
  Josephine (D:11)
  The ghost of Laiders72 the Fighter, a journeyman FoFi of the Shining One (D:11)
  The ghost of Gildeon the Geomancer, a journeyman GrEE of Sif Muna (D:9)
  5 hydras
  3 ghost crabs (Lair:4)
  3 two-headed ogres
  4 death yaks (Lair:5)
  3 fire crabs (Lair:4)
  Pikel (D:5)
  2 ugly things
  A black mamba (Lair:3)
  An apocalypse crab (Lair:4)
  The ghost of Laiders72 the Skirmisher, a novice FoFi of the Shining One (D:4)
  5 spiny frogs
  5 komodo dragons
  3 rime drakes
  2 trolls
  A meliai (shapeshifter) (D:11)
  Grinder (D:5)
  10 hippogriffs
  6 blink frogs
  6 spriggans
  4 wyverns
  14 yaks
  2 basilisks (Lair:3)
  Grum (D:9)
  3 wraiths (D:11)
  The ghost of Thaneod the Skirmisher, an amateur GrSu (D:3)
  Edmund (D:5)
  8 porcupines
  A water moccasin (D:5)
  4 ice beasts
  8 orc warriors
  3 sky beasts
  A slave (D:5)
  5 ogres
  3 black bears
  2 necrophages
  5 phantoms
  12 wolves
  3 centaurs
  6 crocodiles
  11 bullfrogs
  2 big kobolds (D:11)
  2 water moccasin zombies
  2 scorpions (D:9)
  7 killer bees
  4 howler monkeys
  14 wights
  An electric eel (Lair:3)
  2 centaur zombies
  A lava snake (Lair:4)
  5 crimson imps
  A quasit (D:5)
  2 hounds
  3 jellies
  A bullfrog zombie (D:8)
  3 centaur skeletons
  7 orc priests
  A bullfrog skeleton (D:5)
  6 iguanas
  Terence (D:2)
  6 orc wizards
  10 worker ants
  A killer bee zombie (D:8)
  A big kobold zombie (Ossuary)
  A hound zombie (D:9)
  A hound skeleton (D:8)
  A mummy (Ossuary)
  Robin (D:3)
  A worker ant zombie (D:7)
  9 gnolls
  11 adders
  A white imp (D:6)
  2 oozes
  5 adder zombies
  An adder skeleton (D:4)
  2 dart slugs (D:3)
  3 leopard geckos
  45 orcs
  6 bats
  8 giant cockroaches
  14 goblins
  9 hobgoblins
  4 jackals (D:3)
  4 quokkas
  3 ball pythons
  4 frilled lizards
  2 gnoll zombies (Ossuary)
  6 hobgoblin zombies (Ossuary)
  2 jackal skeletons (D:4)
  8 kobolds
  3 kobold zombies (Ossuary)
  A leopard gecko zombie (D:6)
  2 orc zombies (Ossuary)
  8 rats
417 creatures vanquished.

Vanquished Creatures (collateral kills)
  Urug (Lair:4)
  2 fire crabs (Lair:4)
  A centaur zombie (D:10)
  A komodo dragon (Lair:3)
  A merfolk (D:9)
  A blink frog (Lair:3)
  A wyvern (Lair:3)
  A yak (D:6)
  A basilisk (D:9)
  A water moccasin (Lair:2)
  An orc warrior (D:6)
  A swamp drake (D:9)
  A sky beast (D:10)
  A phantom (D:7)
  2 ogres
  A wolf (Lair:2)
  A crocodile (Lair:2)
  A bullfrog (D:9)
  A scorpion (D:6)
  A killer bee (D:6)
  2 wights (D:7)
  A lava snake (Lair:4)
  An orc priest (D:5)
  A bullfrog zombie (D:10)
  2 hounds
  2 orc wizards (D:6)
  A bullfrog skeleton (D:9)
  4 worker ants
  A big kobold zombie (Ossuary)
  A mummy (Ossuary)
  A gnoll (D:5)
  An adder (D:4)
  An adder zombie (Ossuary)
  A worm (D:5)
  4 orcs
  A quokka (D:5)
  A frilled lizard (D:4)
  2 gnoll zombies (Ossuary)
  An orc zombie (Ossuary)
51 creatures vanquished.

Vanquished Creatures (others)
  An entropy weaver (Lair:4)
  A necrophage (D:5)
  An orc priest (D:5)
  10 hexers
  4 ancestors
  2 orcs (D:5)
  13 plants
32 creatures vanquished.

Grand Total: 500 creatures vanquished

Notes
Turn   | Place    | Note
-------+----------+-------------------------------------------
     0 | D:1      | Laiders72 the Formicid Fighter began the quest for the Orb.
     0 | D:1      | Reached XP level 1. HP: 18/18 MP: 1/1
    90 | D:1      | Reached XP level 2. HP: 11/24 MP: 2/2
   537 | D:1      | Reached XP level 3. HP: 30/30 MP: 3/3
   667 | D:2      | Noticed Terence
   677 | D:2      | Killed Terence
   677 | D:2      | Reached skill level 4 in Fighting
   775 | D:2      | Reached XP level 4. HP: 37/37 MP: 4/4
  1372 | D:2      | Reached XP level 5. HP: 43/43 MP: 5/5
  1517 | D:3      | Noticed Robin
  1550 | D:3      | Killed Robin
  1573 | D:3      | Found a hazy altar of Hepliaklqana.
  1714 | D:3      | Noticed Thaneod's ghost (amateur GrSu)
  1728 | D:3      | Killed Thaneod's ghost
  1728 | D:3      | Reached skill level 5 in Fighting
  1728 | D:3      | Reached XP level 6. HP: 51/51 MP: 6/6
  2326 | D:3      | Became a worshipper of Hepliaklqana the Forgotten
  2339 | D:4      | Found a hide-covered altar of Uskayaw.
  2354 | D:4      | Noticed an ogre
  2367 | D:4      | Killed an ogre
  2367 | D:4      | Reached XP level 7. HP: 40/50 MP: 7/7
  2377 | D:4      | Reached skill level 5 in Shields
  2851 | D:4      | Reached skill level 6 in Fighting
  2866 | D:4      | Reached skill level 5 in Maces & Flails
  2977 | D:4      | Noticed Laiders72's ghost (novice FoFi)
  2994 | D:4      | Killed Laiders72's ghost
  2994 | D:4      | Reached skill level 5 in Armour
  2994 | D:4      | Reached XP level 8. HP: 29/58 MP: 8/8
  3147 | D:4      | Found Rib Jank's Armour Emporium.
  3171 | D:4      | Found a white marble altar of Elyvilon.
  3430 | D:5      | Entered Level 5 of the Dungeon
  3440 | D:5      | Reached skill level 7 in Fighting
  3490 | D:5      | Reached * piety under Hepliaklqana
  3495 | D:5      | Noticed Pikel
  3511 | D:5      | Killed Pikel
  3511 | D:5      | Reached XP level 9. HP: 41/64 MP: 9/9
  3599 | D:5      | Noticed Edmund
  3616 | D:5      | Killed Edmund
  3647 | D:5      | Reached skill level 8 in Fighting
  3716 | D:5      | Noticed Grinder
  3721 | D:5      | Found a sand-covered staircase.
  3735 | D:5      | Killed Grinder
  3757 | Ossuary  | Entered an ossuary
  5435 | D:6      | Reached skill level 9 in Fighting
  5435 | D:6      | Reached XP level 10. HP: 74/74 MP: 10/10
  5663 | D:6      | Found an opulent altar of Gozag.
  5734 | D:6      | Found Bajewn's Assorted Antiques.
  6531 | D:7      | Found a staircase to the Ecumenical Temple.
  6564 | D:7      | Reached skill level 10 in Fighting
  6879 | D:7      | Reached ** piety under Hepliaklqana
  6880 | D:7      | Remembered your ancestor Paullus as a hexer
  7293 | D:7      | Found a stormy altar of Qazlal.
  7447 | D:8      | Noticed a two-headed ogre
  7450 | D:8      | Reached XP level 11. HP: 82/82 MP: 11/11
  7463 | D:8      | Killed a two-headed ogre
  7522 | D:8      | Noticed a two-headed ogre
  7539 | D:8      | Killed a two-headed ogre
  7539 | D:8      | Reached skill level 11 in Fighting
  7824 | D:8      | Reached skill level 10 in Maces & Flails
  8347 | D:9      | Found a transporter.
  8477 | D:9      | Noticed a two-headed ogre
  8497 | D:9      | Killed a two-headed ogre
  8497 | D:9      | Reached skill level 1 in Dodging
  8519 | D:9      | Found a sacrificial altar of Ru.
  8538 | D:9      | Found a glowing golden altar of the Shining One.
  8621 | D:9      | Noticed Gildeon's ghost (journeyman GrEE)
  8626 | D:9      | Killed Gildeon's ghost
  8640 | D:9      | Reached *** piety under Hepliaklqana
  8907 | D:9      | Found a staircase to the Lair.
  8907 | D:9      | Noticed Grum
  8918 | D:9      | Reached XP level 12. HP: 75/91 MP: 7/12
  8922 | D:9      | Killed Grum
  9147 | D:9      | You fall through a shaft for 2 floors!
  9147 | D:11     | Found a staircase to the Orcish Mines.
  9161 | D:11     | Reached skill level 12 in Fighting
  9215 | D:11     | Noticed Laiders72's ghost (journeyman FoFi)
  9233 | D:11     | Killed Laiders72's ghost
  9468 | D:11     | Noticed a centaur warrior
  9468 | D:11     | Noticed a rakshasa
 10116 | D:11     | Noticed Josephine
 10131 | D:11     | Killed Josephine
 10446 | D:10     | Entered Level 10 of the Dungeon
 10542 | D:10     | Found Doazipro's Armour Shop.
 10561 | D:10     | Bought the +2 plate armour of Morality {rPois} for 663 gold pieces
 10912 | D:10     | Reached **** piety under Hepliaklqana
 10942 | D:10     | Found a shimmering altar of Xom.
 11086 | D:10     | Reached skill level 13 in Fighting
 11470 | D:9      | Found a roughly hewn altar of Beogh.
 11485 | D:9      | Found a transporter.
 11773 | Lair:1   | Entered Level 1 of the Lair of Beasts
 11791 | Lair:1   | Noticed an eight-headed hydra
 11804 | Lair:1   | Killed an eight-headed hydra
 11804 | Lair:1   | Reached XP level 13. HP: 56/99 MP: 13/13
 12391 | Lair:1   | Reached ***** piety under Hepliaklqana
 12545 | Lair:2   | Found a staircase to the Swamp.
 12591 | Lair:2   | Found a staircase to the Snake Pit.
 12701 | Lair:2   | Reached skill level 10 in Armour
 13511 | Lair:3   | Noticed Gastronok
 13531 | Lair:3   | Killed Gastronok
 13531 | Lair:3   | Reached skill level 5 in Dodging
 13754 | Lair:3   | Reached skill level 14 in Fighting
 13900 | Lair:3   | Noticed a six-headed hydra
 13905 | Lair:3   | Killed a six-headed hydra
 13922 | Lair:3   | Found a deep blue altar of Sif Muna.
 14222 | Lair:3   | Noticed a seven-headed hydra
 14228 | Lair:3   | Killed a seven-headed hydra
 14481 | Lair:4   | Noticed a five-headed hydra
 14490 | Lair:4   | Reached XP level 14. HP: 107/108 MP: 14/14
 14722 | Lair:4   | Noticed Urug
 14736 | Lair:4   | Killed Urug
 14892 | Lair:4   | Found a runed door.
 15091 | Lair:4   | Noticed an entropy weaver
 15099 | Lair:4   | Reached ****** piety under Hepliaklqana
 15103 | Lair:4   | Killed an entropy weaver
 15737 | Lair:4   | Reached skill level 15 in Fighting
 15744 | Lair:4   | Noticed an entropy weaver
 15754 | Lair:4   | Killed an entropy weaver
 16063 | Lair:4   | Got a transparent lead ring
 16071 | Lair:4   | Identified the ring "Rumeirph" {rC+ MR+++ Str-4 Dex-4 Slay+5} (You found it on level 4 of the Lair of Beasts)
 16192 | Lair:5   | HP: 3/110 [death yak (16)]
 16194 | Lair:5   | HP: 1/110 [poisoned by a black mamba]
 16201 | Lair:5   | HP: 1/110 [death yak (8)]
 16213 | Lair:5   | Slain by a black mamba

Vault maps used:
D:1:      lightli_arrival_statuegarden
D:2:      kennysheep_big_flooded_room, tgw_xom, uniq_terence
D:3:      lemuel_crystal_altar, minivault_14, uniq_robin
D:4:      kennysheep_little_box, lemuel_crystal_altar, first_ration,
          serial_shops, nicolae_shop_waterfront
D:5:      black_bear_nest_1, lightli_ossuary_entry_decrepit_ruins,
          chequers_big_river, uniq_pikel, uniq_edmund, uniq_grinder
D:6:      lemuel_doored_altar, serial_shops, nicolae_shop_overgrown_old_shop,
          kennysheep_decorative_pillar, minmay_fire_ice_demons
D:7:      kennysheep_mini, minmay_temple_entry_glassed_door
D:9:      gammafunk_beogh_shrine, nicolae_overflow_hidden_temple,
          lemuel_crystal_altar, erik_lair_dragon, serial_glass, glass_columns_b,
          glass_columns_b, hangedman_fish_farm, uniq_grum
D:10:     serial_shops, shop, basic_altar
D:11:     minmay_tile_spiral, david_orc_3, uniq_josephine
D:12:     fedhas_altar_fruit_tree
Lair:1:   lemuel_fruit_fields, grunt_megastairs_2
Lair:2:   wad_woods_settlement, swamp_mist, serial_bayou_pond_c,
          beast_lair_carwin_3
Lair:3:   wad_woods_stonehenge, small_statue_intersection, lemuel_fruit_tree,
          grunt_megastairs_3, serial_bayou_shore_a, uniq_gastronok
Lair:4:   gammafunk_mikee_crab_dinner, disabler_island, uniq_urug
Lair:5:   minmay_slime_entry_jelly_boxes
Ossuary:  ossuary_tomb_2

Skill      XL: |  1  2  3  4  5  6  7  8  9 10 11 12 13 14 |
---------------+-------------------------------------------+-----
Fighting       | 4 5 6 7 9 10 11 13 14 15 | 15.2
Shields        | 4 5 6 7 8 9 |  9.0
Maces & Flails | 3 4 5 6 7 9 10 12 13 14 | 14.0
Armour         | 4 5 6 7 8 9 10 11 | 11.4
Dodging        | 2 4 5 6 |  6.6

Action                   |  1- 3 |  4- 6 |  7- 9 | 10-12 | 13-15 || total
-------------------------+-------+-------+-------+-------+-------++-------
Melee: Flail             |    61 |   176 |   290 |   146 |       ||   673
       Dire flail        |       |       |       |   530 |   348 ||   878
Invok: Ancestor Identity |       |     1 |       |       |       ||     1
       Ancestor Life: He |       |       |       |     1 |       ||     1
       Recall Ancestor   |       |       |       |     1 |       ||     1
Evoke: Wand              |       |       |       |       |     1 ||     1
  Use: Scroll            |     1 |     3 |    10 |     5 |     9 ||    28
       Potion            |       |     2 |     3 |     4 |     3 ||    12
 Stab: Distracted        |       |       |     2 |     1 |     2 ||     5
       Confused          |       |       |       |     1 |     2 ||     3
  Eat: Chunk             |       |     5 |     8 |    19 |    10 ||    42
       Ration            |       |       |     1 |       |     1 ||     2
Armor: Scale mail        |    23 |    78 |    43 |       |       ||   144
       Chain mail        |       |       |    61 |    15 |       ||    76
       Plate armour      |       |       |       |   155 |    91 ||   246
Dodge: Dodged            |    14 |    70 |    73 |   120 |    75 ||   352
Block: Shield            |    30 |   136 |   232 |   398 |   237 ||  1033
       Reflection        |       |       |       |    12 |     7 ||    19

Table legend:
 A = Spawn XP
 B = Non-spawn XP
 C = Spawn XP percentage of total XP
 D = Spawn monster count
 E = Non-spawn monster count
 F = Spawn count percentage of total count
 G = Total turns spent on level
                    A         B        C        D         E        F      G
               +---------+---------+-------+---------+---------+-------+---------
         Total |       0 |   64040 |   0.0 |       0 |     468 |   0.0 | 16213
               +---------+---------+-------+---------+---------+-------+---------
           D:1 |       0 |      32 |   0.0 |       0 |      19 |   0.0 |   615
           D:2 |       0 |     135 |   0.0 |       0 |      22 |   0.0 |   927
           D:3 |       0 |     324 |   0.0 |       0 |      40 |   0.0 |   797
           D:4 |       0 |     941 |   0.0 |       0 |      19 |   0.0 |  1091
           D:5 |       0 |    2096 |   0.0 |       0 |      34 |   0.0 |  1752
           D:6 |       0 |    2367 |   0.0 |       0 |      38 |   0.0 |  1068
           D:7 |       0 |    1031 |   0.0 |       0 |      15 |   0.0 |   886
           D:8 |       0 |    4229 |   0.0 |       0 |      31 |   0.0 |  1020
           D:9 |       0 |    5733 |   0.0 |       0 |      50 |   0.0 |  1230
          D:10 |       0 |    4187 |   0.0 |       0 |      29 |   0.0 |   899
          D:11 |       0 |    5263 |   0.0 |       0 |      35 |   0.0 |   865
          D:12 |       0 |     155 |   0.0 |       0 |       6 |   0.0 |   434
        Lair:1 |       0 |    1919 |   0.0 |       0 |       8 |   0.0 |   772
        Lair:2 |       0 |    5452 |   0.0 |       0 |      30 |   0.0 |   938
        Lair:3 |       0 |   10537 |   0.0 |       0 |      31 |   0.0 |   992
        Lair:4 |       0 |   15991 |   0.0 |       0 |      31 |   0.0 |  1687
        Lair:5 |       0 |    3431 |   0.0 |       0 |       4 |   0.0 |    51
       Ossuary |       0 |     217 |   0.0 |       0 |      26 |   0.0 |   189
               +---------+---------+-------+---------+---------+-------+---------
